[Event "Titled Tuesday Blitz April 26 Early 2022"]
[White "Murthy, Pappu"]
[Black "Polster, Christian"]
[WhiteFideId "2013401"]
[BlackFideId "12965081"]
[WhiteElo "1976"]
[BlackElo "2283"]
[Result "0-1"]
[Round "08"]
[TimeControl "180+1"]
[Date "2022.04.26"]
[WhiteClock "0:00:25"]
[BlackClock "0:00:22"]

1. c4 e6 2. e4 d5 3. exd5 exd5 4. cxd5 Nf6 5. Nc3 Nxd5 6. d4 Be7 7. Nf3 O-O 8. Bc4 Nb6 9. Bb3 Nc6 10. h3 Bf6 11. Be3 Re8 12. O-O Na5 13. Bc2 Nac4 14. Qd3 g6 15. Rab1 Bf5 16. Qd1 Bxc2 17. Qxc2 Rxe3 18. fxe3 Nxe3 19. Qe4 Nxf1 20. Rxf1 c6 21. Ne5 Bxe5 22. dxe5 Qe7 23. Qf4 Re8 24. Ne4 Nd5 25. Nf6+ Nxf6 26. exf6 Qe3+ 27. Qxe3 Rxe3 28. Rd1 Re8 29. Rd7 Rb8 30. b4 h5 31. g4 hxg4 32. hxg4 g5 33. Kg2 Kh7 34. Rxf7+ Kg6 35. Rd7 Kxf6 36. Kg3 Ke6 37. Rh7 Kd5 38. Rg7 Kc4 39. a3 Kb3 40. Rxg5 Ka4 41. b5 cxb5 42. Rg7 Kxa3 43. g5 b4 44. g6 b3 45. Rf7 b2 46. Rf1 Ka2 47. Kg4 b1=Q 48. Rxb1 Kxb1 49. Kg5 a5 50. Kf6 a4 51. g7 a3 52. Ke7 a2 53. Kf7 a1=Q 54. g8=Q Qa2+ 55. Ke7 Qxg8 56. Kd7 Rd8+ 57. Kc7 Qe8 58. Kb6 Qc6+ 59. Ka7 Qa6# 0-1


[Site "https://www.chess.com"]

[Event "Titled Tuesday Blitz April 26 Early 2022"]
[White "Nazari, Arad"]
[Black "Nguyen, Hong Anh"]
[WhiteFideId "12577324"]
[BlackFideId "12406732"]
[WhiteElo "2129"]
[BlackElo "2016"]
[Result "0-1"]
[Round "08"]
[TimeControl "180+1"]
[Date "2022.04.26"]
[WhiteClock "0:00:11"]
[BlackClock "0:00:58"]

1. e4 c5 2. Nf3 Nc6 3. Bb5 g6 4. O-O Bg7 5. c3 Nf6 6. Re1 O-O 7. d4 d5 8. e5 Ne4 9. Nbd2 cxd4 10. cxd4 Bf5 11. Bxc6 bxc6 12. Nh4 Be6 13. Nhf3 c5 14. dxc5 Nxc5 15. Nd4 Qc7 16. N2f3 Bg4 17. Bf4 Qb7 18. b3 Ne4 19. h3 Bxf3 20. Nxf3 Rac8 21. Rc1 e6 22. Qd4 Qa6 23. a4 Rb8 24. Re3 Rfc8 25. Rxc8+ Rxc8 26. Nd2 Nd6 27. Qd3 Qxd3 28. Rxd3 Nb7 29. Nf3 h6 30. Be3 a6 31. Bb6 Rc6 32. a5 Bf8 33. Nd4 Rc1+ 34. Kh2 Bb4 35. Ne2 Rc2 36. Nd4 Rc1 37. Ne2 Re1 38. Nd4 Bxa5 39. Bxa5 Nxa5 40. b4 Nc4 41. b5 axb5 42. Nxb5 Rxe5 43. Ra3 Nxa3 44. Nxa3 Re2 0-1


[Site "https://www.chess.com"]

[Event "Titled Tuesday Blitz April 26 Early 2022"]
[White "Ning, Kaiyu"]
[Black "Noboa Silva, Kevin"]
[WhiteFideId "8614750"]
[BlackFideId "3618471"]
[WhiteElo "2013"]
[BlackElo "2172"]
[Result "1-0"]
[Round "08"]
[TimeControl "180+1"]
[Date "2022.04.26"]
[WhiteClock "0:00:06"]
[BlackClock "0:00:01"]

1. d4 Nf6 2. c4 e6 3. Nf3 Bb4+ 4. Bd2 Qe7 5. g3 Nc6 6. Nc3 Bxc3 7. Bxc3 Ne4 8. Rc1 Nxc3 9. Rxc3 d6 10. Bg2 O-O 11. d5 Ne5 12. O-O Nxf3+ 13. exf3 e5 14. Re1 f6 15. f4 b6 16. fxe5 fxe5 17. b4 a5 18. a3 axb4 19. axb4 Ra2 20. f4 Qf6 21. Qf3 exf4 22. gxf4 Qd4+ 23. Kh1 Rf2 24. Qg3 R2xf4 25. Rce3 Bf5 26. Re7 Bg6 27. Rxc7 Qd2 28. Rce7 Qxb4 29. Qe3 Qb2 30. h3 Rf2 31. Rg1 Kh8 32. Qe6 Qd4 33. Qxd6 Qh4 34. Re2 R2f6 35. Qe7 Bf5 36. Re3 Qh6 37. d6 g6 38. d7 Qg7 39. d8=Q 1-0


[Site "https://www.chess.com"]

[Event "Titled Tuesday Blitz April 26 Early 2022"]
[White "Okike, David"]
[Black "Butti, Enrique"]
[WhiteFideId "8500134"]
[BlackFideId "3700470"]
[WhiteElo "2232"]
[BlackElo "2080"]
[Result "0-1"]
[Round "08"]
[TimeControl "180+1"]
[Date "2022.04.26"]
[WhiteClock "0:01:35"]
[BlackClock "0:01:36"]

1. e4 c5 2. Nf3 d6 3. d4 cxd4 4. Nxd4 Nf6 5. Nc3 a6 6. Bg5 e6 7. f4 b5 8. a3 Nbd7 9. Qe2 Qb6 10. O-O-O Bb7 11. g4 Rc8 12. Rd3 Rc4 13. Qd1 Nxe4 14. Rg1 Nf2 15. Qd2 Nxd3+ 16. cxd3 Rxd4 17. f5 b4 18. Ne2 bxa3 19. bxa3 Ra4 20. Be3 Qc7+ 21. Kb2 d5 22. Nd4 Bxa3+ 23. Kb3 Nc5+ 24. Kc2 Ne4+ 0-1


[Site "https://www.chess.com"]

[Event "Titled Tuesday Blitz April 26 Early 2022"]
[White "Oparin, Grigoriy"]
[Black "Papasimakopoulos, Alexandros"]
[WhiteFideId "24125890"]
[BlackFideId "4244125"]
[WhiteElo "2665"]
[BlackElo "2340"]
[Result "1/2-1/2"]
[Round "08"]
[TimeControl "180+1"]
[Date "2022.04.26"]
[WhiteClock "0:00:12"]
[BlackClock "0:00:11"]

1. Nf3 f5 2. d4 Nf6 3. c4 g6 4. g3 Bg7 5. Bg2 O-O 6. O-O d6 7. Nc3 e6 8. b4 e5 9. dxe5 dxe5 10. Ba3 e4 11. Nd4 Nc6 12. Nxc6 bxc6 13. b5 Re8 14. bxc6 Be6 15. Qa4 Qd4 16. Nb5 Qb6 17. Rac1 Qxc6 18. Qa5 Qb6 19. Bb4 c5 20. Bd2 Rec8 21. Rfd1 Ng4 22. f3 Ne5 23. fxe4 Bxc4 24. Qxb6 axb6 25. Nd6 Bxe2 26. Nxc8 Bxd1 27. Nxb6 Ra6 28. Rxd1 Rxb6 29. exf5 gxf5 30. Bf4 Nf7 31. Bd5 Bd4+ 32. Kg2 Kg7 33. Bb3 Kf6 34. Re1 Ne5 35. Re2 h5 36. h3 Ra6 37. Bd5 Rd6 38. Bb3 Rc6 39. Rc2 Ra6 40. a4 Rb6 41. Bd5 Rd6 42. Bf3 Ra6 43. Ra2 Nxf3 44. Kxf3 Ke6 45. Bd2 Kd5 46. a5 c4 47. Kf4 c3 48. Be1 Kc4 49. Bxc3 Bxc3 50. Kxf5 Rxa5+ 51. Rxa5 Bxa5 52. Kg5 h4 53. Kxh4 Kd5 54. Kg5 Ke6 55. Kg6 Ke7 56. g4 Kf8 57. h4 Kg8 58. g5 Bc3 59. Kf5 Be1 60. h5 Kh7 61. Kf6 Bc3+ 62. Kf7 Bb2 63. h6 Bc3 64. g6+ Kxh6 65. g7 Bxg7 1/2-1/2


[Site "https://www.chess.com"]

[Event "Titled Tuesday Blitz April 26 Early 2022"]
[White "Padmini, Rout"]
[Black "Minko, Dmitry"]
[WhiteFideId "5029295"]
[BlackFideId "24188468"]
[WhiteElo "2181"]
[BlackElo "1928"]
[Result "1-0"]
[Round "08"]
[TimeControl "180+1"]
[Date "2022.04.26"]
[WhiteClock "0:00:20"]
[BlackClock "0:00:02"]

1. d4 d5 2. c4 e6 3. Nf3 Nf6 4. g3 dxc4 5. Bg2 c5 6. O-O Nc6 7. dxc5 Qxd1 8. Rxd1 Bxc5 9. Nbd2 c3 10. bxc3 O-O 11. Nb3 Be7 12. c4 Bd7 13. Bb2 Rfd8 14. Nfd4 Be8 15. Nb5 Rac8 16. Rxd8 Rxd8 17. h3 a6 18. N5d4 Nxd4 19. Nxd4 b5 20. cxb5 axb5 21. Nc6 Bxc6 22. Bxc6 b4 23. e3 Rd2 24. Bd4 Nd5 25. Ba4 Nc3 26. Bb3 Ne4 27. Rc1 e5 28. Rc7 exd4 29. Rxe7 Nd6 30. exd4 Rxd4 31. Rd7 Kf8 32. Bxf7 Nf5 33. Rxd4 Nxd4 34. Bc4 Ke7 35. f4 Kd6 36. Kf2 Kc5 37. Bg8 h6 38. g4 1-0


[Site "https://www.chess.com"]

[Event "Titled Tuesday Blitz April 26 Early 2022"]
[White "Palacio,Igor Da Paz"]
[Black "Martin, Lewis"]
[WhiteFideId "2121140"]
[BlackFideId "410551"]
[WhiteElo "2144"]
[BlackElo "2145"]
[Result "0-1"]
[Round "08"]
[TimeControl "180+1"]
[Date "2022.04.26"]
[WhiteClock "0:00:01"]
[BlackClock "0:00:18"]

1. e4 c5 2. Nc3 Nc6 3. g3 g6 4. d3 Bg7 5. Bg2 Nf6 6. f4 d6 7. Nf3 a6 8. O-O O-O 9. h3 b5 10. g4 Bb7 11. a3 e6 12. Be3 Qb6 13. Qe1 Nd7 14. f5 Rac8 15. Qh4 Nd4 16. Ng5 h6 17. Nf3 exf5 18. Bxh6 c4 19. Kh1 Nxf3 20. Bxf3 Bxh6 21. Qxh6 fxe4 22. Nxe4 Bxe4 23. Bxe4 Ne5 24. Rad1 cxd3 25. cxd3 Qd4 26. Qd2 Rc7 27. Qf2 Qxf2 28. Rxf2 Rfc8 29. Kg2 Rc2 30. Rdd2 Rxd2 31. Rxd2 a5 32. Kf2 a4 33. Ke3 Kg7 34. Bd5 Rh8 35. Bg2 Rc8 36. Bd5 Rc1 37. d4 Nd7 38. Kd3 Nb6 0-1


[Site "https://www.chess.com"]

[Event "Titled Tuesday Blitz April 26 Early 2022"]
[White "Paravyan, David"]
[Black "Abarca Gonzalez, Nicolas"]
[WhiteFideId "4194985"]
[BlackFideId "3409422"]
[WhiteElo "2569"]
[BlackElo "2504"]
[Result "0-1"]
[Round "08"]
[TimeControl "180+1"]
[Date "2022.04.26"]
[WhiteClock "0:00:02"]
[BlackClock "0:00:14"]

1. e4 c5 2. Nf3 d6 3. d4 cxd4 4. Nxd4 Nf6 5. Nc3 g6 6. Be3 Bg7 7. f3 O-O 8. Qd2 Nc6 9. O-O-O Nxd4 10. Bxd4 Be6 11. Kb1 Qc7 12. g4 Rfc8 13. h4 Qa5 14. a3 Rab8 15. h5 b5 16. Bxf6 Bxf6 17. Nd5 Qxd2 18. Nxf6+ Kg7 19. Ne8+ Rxe8 20. Rxd2 g5 21. h6+ Kf6 22. Rh5 Rg8 23. Rf2 Bc4 24. f4 Bxf1 25. Rxf1 gxf4 26. Rxf4+ Ke6 27. g5 Rbc8 28. Rf5 Rc5 29. Rxc5 dxc5 30. g6 hxg6 31. Rxc5 a6 32. Rc6+ Ke5 33. Rxa6 Rh8 34. Ra7 Kf6 35. Ra6+ e6 36. Rb6 Rxh6 37. Rxb5 g5 38. a4 g4 39. Rb3 Ke5 40. a5 Rh8 41. a6 Ra8 42. Ra3 Kxe4 43. b4 f5 44. b5 f4 45. b6 f3 46. b7 Rb8 47. a7 Rxb7+ 48. Kc1 Rxa7 49. Rxa7 f2 50. Rf7 g3 51. Kd2 g2 52. Rxf2 g1=Q 53. Re2+ Kd5 54. Re3 e5 55. Rd3+ Ke6 56. Rb3 e4 57. Rb5 Qf2+ 58. Kc3 e3 59. Rb1 Qd2+ 60. Kb3 e2 0-1


[Site "https://www.chess.com"]

[Event "Titled Tuesday Blitz April 26 Early 2022"]
[White "Piesik, Piotr"]
[Black "Yeremyan, Alen"]
[WhiteFideId "1136194"]
[BlackFideId "13308998"]
[WhiteElo "2190"]
[BlackElo "2158"]
[Result "0-1"]
[Round "08"]
[TimeControl "180+1"]
[Date "2022.04.26"]
[WhiteClock "0:01:31"]
[BlackClock "0:01:23"]

1. Nf3 Nf6 2. g3 g6 3. Bg2 Bg7 4. O-O O-O 5. d4 d6 6. Nbd2 c5 7. dxc5 dxc5 8. e4 Qc7 9. Qe2 Nc6 10. c3 h6 11. Re1 Be6 12. Nc4 b5 13. Na3 a6 14. Bf4 Qb7 15. Ne5 Nh5 16. Nxc6 Nxf4 17. Nxe7+ Qxe7 18. gxf4 b4 19. cxb4 cxb4 20. Nc4 Bxc4 21. Qxc4 Bxb2 22. Rad1 Bc3 23. Re3 Qh4 24. e5 Rad8 25. Rd5 Bd2 26. Rg3 Bxf4 27. Rxd8 Rxd8 28. Rxg6+ Kh8 29. Rc6 Rd1+ 0-1


[Site "https://www.chess.com"]

[Event "Titled Tuesday Blitz April 26 Early 2022"]
[White "Piliczewski, Bogusz"]
[Black "Mikhnenko, Alexander"]
[WhiteFideId "1104144"]
[BlackFideId "34143014"]
[WhiteElo "1896"]
[BlackElo "2117"]
[Result "0-1"]
[Round "08"]
[TimeControl "180+1"]
[Date "2022.04.26"]
[WhiteClock "0:00:03"]
[BlackClock "0:00:21"]

1. d4 Nf6 2. Nf3 d6 3. Bf4 b6 4. e3 Bb7 5. Be2 Nbd7 6. h3 e6 7. O-O h6 8. c4 g5 9. Bh2 g4 10. hxg4 Nxg4 11. Bg3 Rg8 12. Bh4 Be7 13. Bxe7 Qxe7 14. Nbd2 Qf6 15. Re1 Qg7 16. Bf1 h5 17. e4 O-O-O 18. Rc1 h4 19. Nh2 Nxh2 20. Kxh2 Nf6 21. Qf3 Ng4+ 22. Kh1 f5 23. d5 fxe4 24. Rxe4 Rdf8 25. Qxg4 Qxg4 26. Rxg4 Rxg4 27. f3 Rg6 28. Bd3 Rh6 29. dxe6 h3 30. Re1 hxg2+ 31. Kxg2 Rg8+ 32. Kf2 Kd8 33. Bf5 Ke7 34. Bg4 Bc8 35. Re4 Bxe6 36. Nb3 c5 37. Nc1 Kf7 38. Bxe6+ Rxe6 39. Rxe6 Kxe6 40. Nd3 a6 0-1


[Site "https://www.chess.com"]

[Event "Titled Tuesday Blitz April 26 Early 2022"]
[White "Popadic, Dragan"]
[Black "Jakubowski, Krzysztof"]
[WhiteFideId "913650"]
[BlackFideId "1112848"]
[WhiteElo "2203"]
[BlackElo "2365"]
[Result "1-0"]
[Round "08"]
[TimeControl "180+1"]
[Date "2022.04.26"]
[WhiteClock "0:00:07"]
[BlackClock "0:00:01"]

1. e4 c5 2. Nc3 e6 3. d3 Nc6 4. g4 a6 5. Bg2 b5 6. Nh3 Nge7 7. O-O Ng6 8. f4 Nh4 9. Bh1 h6 10. Be3 Be7 11. e5 Bb7 12. Ne4 Qb6 13. c3 f5 14. exf6 gxf6 15. b4 d6 16. f5 exf5 17. gxf5 O-O-O 18. Qh5 Rhg8+ 19. Ng3 Ne5 20. Qxh4 Ng4 21. Bxb7+ Kxb7 22. Rae1 Rde8 23. bxc5 dxc5 24. Bf4 c4+ 25. d4 b4 26. Rb1 Ka7 27. Nf2 Nxf2 28. Rxf2 a5 29. cxb4 axb4 30. Bd2 Bd6 31. Kf1 Rc8 32. Ne4 c3 33. Be1 Bc7 34. Nc5 Qb5+ 35. Re2 Rce8 36. Qf2 1-0


[Site "https://www.chess.com"]

[Event "Titled Tuesday Blitz April 26 Early 2022"]
[White "Pourkashiyan, Atousa"]
[Black "Yang, Kaiqi"]
[WhiteFideId "12502014"]
[BlackFideId "8604398"]
[WhiteElo "2247"]
[BlackElo "2373"]
[Result "0-1"]
[Round "08"]
[TimeControl "180+1"]
[Date "2022.04.26"]
[WhiteClock "0:01:43"]
[BlackClock "0:00:52"]

1. e4 e6 2. d4 d5 3. Nd2 Be7 4. Bd3 c5 5. dxc5 Nf6 6. Qe2 O-O 7. Ngf3 a5 8. O-O Na6 9. e5 Nd7 10. c4 Ndxc5 11. Bb1 b6 12. Nd4 dxc4 13. Nc6 Qc7 14. Nxe7+ Qxe7 15. Nxc4 Bb7 16. Nxb6 Rad8 17. Nc4 Rd4 18. Nd6 Ba8 19. Be3 Rh4 20. Qd2 Rh5 21. Qxa5 Qh4 22. h3 Bxg2 0-1


[Site "https://www.chess.com"]

[Event "Titled Tuesday Blitz April 26 Early 2022"]
[White "Pranav, V"]
[Black "Jobava, Baadur"]
[WhiteFideId "25060783"]
[BlackFideId "13601520"]
[WhiteElo "2349"]
[BlackElo "2617"]
[Result "1-0"]
[Round "08"]
[TimeControl "180+1"]
[Date "2022.04.26"]
[WhiteClock "0:00:09"]
[BlackClock "0:00:14"]

1. Nf3 d5 2. g3 c6 3. Bg2 Nf6 4. O-O Bf5 5. d3 e6 6. Nbd2 h6 7. Re1 Bh7 8. Nd4 c5 9. N4f3 Nc6 10. c4 d4 11. a3 a5 12. Qb3 Ra6 13. e4 e5 14. Nh4 a4 15. Qd1 Bd6 16. Nf5 O-O 17. Rb1 Bc7 18. Rf1 Ne7 19. Nxe7+ Qxe7 20. f4 Ne8 21. Nf3 f6 22. Nh4 Nd6 23. Bh3 exf4 24. gxf4 g5 25. Ng2 f5 26. fxg5 fxe4 27. Rxf8+ Qxf8 28. Bf4 Bf5 29. Qh5 Bxh3 30. Qxh3 hxg5 31. Be5 Nf7 32. Bxc7 e3 33. Rf1 Qe7 34. Qc8+ Kg7 35. Bg3 Rb6 36. Qg4 Nh6 37. Qh5 Rxb2 38. h4 e2 39. Re1 Nf5 40. Qg4 Nxg3 41. Qxg3 Kh6 42. Qg4 Ra2 43. Qf5 b6 44. Kf2 gxh4 45. Qf4+ Qg5 46. Qf8+ Kh5 47. Nf4+ 1-0


[Site "https://www.chess.com"]

[Event "Titled Tuesday Blitz April 26 Early 2022"]
[White "Prohorov, Olexandr"]
[Black "Manukian, Artak"]
[WhiteFideId "14105578"]
[BlackFideId "13301373"]
[WhiteElo "1993"]
[BlackElo "2341"]
[Result "1-0"]
[Round "08"]
[TimeControl "180+1"]
[Date "2022.04.26"]
[WhiteClock "0:00:34"]
[BlackClock "0:00:17"]

1. e4 c6 2. d4 d5 3. e5 Bf5 4. Nf3 e6 5. Be2 c5 6. c4 dxc4 7. Bxc4 Nc6 8. d5 exd5 9. Bxd5 Nge7 10. Bxc6+ Nxc6 11. Qb3 Nb4 12. O-O Nc2 13. e6 fxe6 14. Qxb7 Nxa1 15. Ne5 Be7 16. Bg5 Rb8 17. Qxa7 Rxb2 18. Nc3 Nc2 19. Bxe7 Qxe7 20. Qa8+ Qd8 21. Qc6+ Ke7 22. Rd1 Qc8 23. Rd7+ Ke8 24. Qxc8# 1-0


[Site "https://www.chess.com"]

[Event "Titled Tuesday Blitz April 26 Early 2022"]
[White "Redor, Menandro"]
[Black "Iljin, Timofey"]
[WhiteFideId "5222010"]
[BlackFideId "14110180"]
[WhiteElo "1986"]
[BlackElo "2396"]
[Result "0-1"]
[Round "08"]
[TimeControl "180+1"]
[Date "2022.04.26"]
[WhiteClock "0:00:04"]
[BlackClock "0:01:36"]

1. e4 d5 2. exd5 Nf6 3. Nc3 Nxd5 4. Nf3 g6 5. Bc4 Nb6 6. Bb3 c5 7. d3 Bg7 8. a4 O-O 9. a5 c4 10. dxc4 N6d7 11. O-O Nc6 12. Bg5 Nxa5 13. Bxe7 Qxe7 14. Rxa5 b6 15. Rd5 Nc5 16. Re1 Qf6 17. Rd6 Qf4 18. Nd5 Qxd6 19. Ne7+ Qxe7 20. Rxe7 Bg4 21. h3 Rad8 22. Qe2 Be6 23. Rxa7 h6 24. Ne5 Rd4 25. c3 Re4 26. Qd1 Rxe5 27. Ba2 Ne4 28. f3 Ng3 29. Kf2 Nf5 30. Bb1 Ne3 31. Qd6 Nxc4 32. Qc7 Rc8 33. Qb7 Nd2 34. Bxg6 Rf8 35. Qc7 Nc4 36. b3 Ne3 37. Be4 Nd1+ 38. Ke1 Nxc3 39. Kf2 Nxe4+ 40. fxe4 Rxe4 41. g4 Rb4 42. g5 Rxb3 43. g6 fxg6+ 44. Ke2 Bf7 45. Kd2 b5 46. Kc2 Rxh3 47. Qe7 Rf3 48. Rd7 Rf5 49. Rd8 h5 50. Qxf8+ Bxf8 51. Rb8 b4 52. Kb2 Rc5 0-1


[Site "https://www.chess.com"]

[Event "Titled Tuesday Blitz April 26 Early 2022"]
[White "Reprintsev, Alexander"]
[Black "Maksimovic, Bojan"]
[WhiteFideId "14100541"]
[BlackFideId "14408120"]
[WhiteElo "2108"]
[BlackElo "2448"]
[Result "0-1"]
[Round "08"]
[TimeControl "180+1"]
[Date "2022.04.26"]
[WhiteClock "0:00:10"]
[BlackClock "0:00:05"]

1. e4 c5 2. b3 Nc6 3. Bb2 e5 4. f4 exf4 5. Qf3 Nge7 6. Qxf4 Ng6 7. Qg3 d6 8. Nf3 Be6 9. Bb5 Qd7 10. O-O O-O-O 11. c4 f6 12. Nc3 Nge5 13. Nd5 Kb8 14. d4 cxd4 15. Nxd4 Nxd4 16. Bxd4 Nc6 17. Qe3 a6 18. Bxc6 bxc6 19. Nxf6 gxf6 20. Bxf6 Be7 21. Qb6+ Kc8 22. Qxa6+ Kb8 23. Qb6+ Kc8 24. Bxh8 Rxh8 25. Rad1 Qc7 26. Qd4 Rg8 27. b4 c5 28. bxc5 Qxc5 29. Kh1 Qxd4 30. Rxd4 Kc7 31. h3 Kc6 32. Rf3 Ra8 33. a3 Rb8 34. Kh2 Rb2 35. Kg3 Ra2 36. Rfd3 Kc5 37. e5 dxe5 38. Re4 Bd6 39. Rc3 Bf5 40. Ree3 e4+ 41. Kh4 Bf4 0-1


[Site "https://www.chess.com"]

[Event "Titled Tuesday Blitz April 26 Early 2022"]
[White "Richter, Nils"]
[Black "Arabidze, Meri"]
[WhiteFideId "12990809"]
[BlackFideId "13604040"]
[WhiteElo "2243"]
[BlackElo "2335"]
[Result "1-0"]
[Round "08"]
[TimeControl "180+1"]
[Date "2022.04.26"]
[WhiteClock "0:00:50"]
[BlackClock "0:00:06"]

1. d4 f5 2. Bg5 d5 3. Nd2 c6 4. h4 Qb6 5. Rb1 Nf6 6. Bxf6 exf6 7. e3 Be6 8. Bd3 Na6 9. a3 Qd8 10. Ne2 g6 11. Nf4 Bf7 12. c4 Nc7 13. cxd5 Nxd5 14. Nxd5 Bxd5 15. O-O Bd6 16. Bc4 Bc7 17. Bxd5 Qxd5 18. Qf3 Qd6 19. g3 O-O 20. Rbc1 Rae8 21. Rc2 Qd7 22. Rfc1 Bb8 23. Nb3 Rf7 24. Nc5 Qd6 25. b4 g5 26. Qxf5 gxh4 27. Qg4+ Rg7 28. Qxh4 f5 29. Nd3 Re6 30. Ne5 Rh6 31. Qf4 Rh5 32. Kg2 Qf8 33. Rh1 Rhg5 34. Rh3 h5 35. Rc1 Qf6 36. Nd7 Rxd7 37. Qxb8+ Kg7 38. Rch1 Qf7 39. Qe5+ Kg6 40. Qf4 Qd5+ 41. Qf3 Qxf3+ 42. Kxf3 Rd5 43. Rc1 a5 44. Rc5 Rxc5 45. bxc5 Kh6 46. Rh1 Rg7 47. Kf4 Kg6 48. f3 Re7 49. e4 fxe4 50. fxe4 Rf7+ 51. Ke5 Re7+ 52. Kf4 Rf7+ 53. Ke3 Kg5 54. d5 Kg4 55. Rh4+ Kxg3 56. Rxh5 Rf3+ 57. Kd4 cxd5 58. exd5 Rxa3 59. d6 Ra1 60. Rd5 Rd1+ 61. Kc4 Rc1+ 62. Kb3 b5 63. d7 a4+ 64. Kb2 1-0


[Site "https://www.chess.com"]

[Event "Titled Tuesday Blitz April 26 Early 2022"]
[White "Riehle, Marco"]
[Black "Yuan, Qingyu"]
[WhiteFideId "12904392"]
[BlackFideId "8609772"]
[WhiteElo "2462"]
[BlackElo "2359"]
[Result "0-1"]
[Round "08"]
[TimeControl "180+1"]
[Date "2022.04.26"]
[WhiteClock "0:00:06"]
[BlackClock "0:00:10"]

1. e4 c6 2. c4 d5 3. cxd5 cxd5 4. exd5 Nf6 5. Nc3 Nxd5 6. Nf3 Nc6 7. Bb5 g6 8. Qa4 Qd6 9. Qd4 Qe6+ 10. Kd1 Nxc3+ 11. dxc3 Qd7 12. Bxc6 bxc6 13. Be3 Bg7 14. Qxd7+ Bxd7 15. Bd4 f6 16. Re1 Kf7 17. b4 a5 18. Bc5 e5 19. Kc2 Rhd8 20. Red1 Bf5+ 21. Kb2 a4 22. a3 Bd3 23. Rd2 Rd5 24. Ne1 Bc4 25. Rad1 Rad8 26. Rxd5 cxd5 27. Nc2 Ke6 28. Ne3 Bb3 29. Rd2 f5 30. f3 f4 31. Ng4 h5 32. Nf2 g5 33. Ne4 Kf5 34. Nd6+ Ke6 35. Ne4 Bh6 36. Bb6 Rb8 37. Nc5+ Kd6 38. Ba5 Bc4 39. Nxa4 Kc6 40. Nc5 Re8 41. a4 e4 42. fxe4 dxe4 43. Nb3 e3 44. Rd1 e2 45. Nd4+ Kb7 46. Re1 g4 47. b5 Bg7 48. Nf5 Bf8 49. Nd4 Bc5 50. Kc1 f3 51. gxf3 Bxd4 52. fxg4 Bf2 53. Kd2 Bxe1+ 54. Kxe1 Rf8 55. gxh5 Rf1+ 56. Kd2 e1=Q+ 0-1


[Site "https://www.chess.com"]

[Event "Titled Tuesday Blitz April 26 Early 2022"]
[White "Ronka, Erik"]
[Black "Jaferian, Koosha"]
[WhiteFideId "505080"]
[BlackFideId "12507440"]
[WhiteElo "2264"]
[BlackElo "2030"]
[Result "0-1"]
[Round "08"]
[TimeControl "180+1"]
[Date "2022.04.26"]
[WhiteClock "0:00:13"]
[BlackClock "0:01:14"]

1. e4 c6 2. Nf3 d5 3. d3 g6 4. e5 Bg7 5. d4 Bg4 6. h3 Bxf3 7. Qxf3 e6 8. c3 Ne7 9. Bd3 c5 10. O-O Nbc6 11. Be3 cxd4 12. cxd4 O-O 13. Nd2 Rc8 14. Nb3 Nb4 15. Qe2 Nxd3 16. Qxd3 Nf5 17. Bd2 Rc4 18. Bc3 b6 19. Nd2 Rc6 20. Bb4 Re8 21. Rfc1 Qc7 22. Rc3 Rc8 23. Rac1 Qd7 24. g4 Nh4 25. Kh2 g5 26. Nb3 Rxc3 27. Rxc3 Ng6 28. Qa6 Rxc3 29. bxc3 Nf4 30. a4 h6 31. Qb5 Qc8 32. a5 bxa5 33. Qxa5 Qc4 34. Qa2 Qf1 35. f3 Ne2 0-1


[Site "https://www.chess.com"]

[Event "Titled Tuesday Blitz April 26 Early 2022"]
[White "Rosenberg, Evan S"]
[Black "Cagara, Paulina"]
[WhiteFideId "2019299"]
[BlackFideId "1124870"]
[WhiteElo "2352"]
[BlackElo "1780"]
[Result "0-1"]
[Round "08"]
[TimeControl "180+1"]
[Date "2022.04.26"]
[WhiteClock "0:00:01"]
[BlackClock "0:00:24"]

1. d4 f5 2. g3 Nf6 3. Bg2 g6 4. Nh3 Bg7 5. Nf4 d6 6. d5 O-O 7. h4 c6 8. c4 cxd5 9. cxd5 Qa5+ 10. Bd2 Qb6 11. Nc3 Na6 12. h5 g5 13. h6 Bh8 14. Ne6 Bxe6 15. dxe6 Ng4 16. O-O Bf6 17. Nd5 Qxb2 18. Rb1 Qxa2 19. Nxf6+ exf6 20. e7 Rf7 21. Rxb7 Re8 22. Bxg5 fxg5 23. Bd5 Qa5 24. Rxa7 Qb6 25. Bxf7+ Kxf7 26. Qd5+ Kg6 27. Rb7 Qc5 28. Qe6+ Nf6 29. Rbb1 Qe5 30. Qxe5 dxe5 31. Rb7 Nc5 32. Rc7 Nce4 33. Rd1 f4 34. Rd8 Kf7 35. Rxe8 Kxe8 36. gxf4 gxf4 37. f3 Ng3 38. Kf2 Nf5 39. Rc8+ Kxe7 40. Ra8 Ke6 41. Rf8 Nxh6 42. Ra8 Nf5 43. Ra6+ Nd6 44. Ra1 h5 45. Rh1 Kf5 46. Rg1 e4 47. fxe4+ Ndxe4+ 48. Ke1 Ng4 49. Rh1 Kg5 50. Rf1 Ng3 51. Rf3 h4 52. Ra3 h3 53. Ra5+ Kh4 54. Kd2 h2 55. Ra1 Nf2 56. Kc3 Nxe2+ 57. Kc4 Ng1 58. Ra8 Kg3 59. Rg8+ Ng4 60. Rh8 Nh3 61. Rd8 h1=Q 62. Rd3+ f3 63. Kc3 Qc1+ 64. Kb3 Ne5 65. Rc3 Qb1+ 66. Ka3 Nf4 67. Ka4 Ned3 0-1


[Site "https://www.chess.com"]

[Event "Titled Tuesday Blitz April 26 Early 2022"]
[White "Rozman, Levy"]
[Black "Matamoros Franco, Carlos S."]
[WhiteFideId "2039877"]
[BlackFideId "3600017"]
[WhiteElo "2376"]
[BlackElo "2554"]
[Result "1-0"]
[Round "08"]
[TimeControl "180+1"]
[Date "2022.04.26"]
[WhiteClock "0:00:43"]
[BlackClock "0:00:05"]

1. d4 Nf6 2. Bg5 d5 3. e3 c5 4. c3 e6 5. Nd2 Be7 6. Bd3 b6 7. f4 O-O 8. Ngf3 Ba6 9. Qe2 Bxd3 10. Qxd3 Nbd7 11. Bxf6 Nxf6 12. O-O Rc8 13. Ne5 Ne8 14. Rf3 f5 15. g4 Nd6 16. gxf5 exf5 17. Kh1 Ne4 18. Qe2 Bd6 19. Rg1 Qe7 20. Nxe4 fxe4 21. Rfg3 Bxe5 22. dxe5 Rf7 23. Qh5 Rc6 24. Rh3 g6 25. f5 Kh8 26. fxg6 Rg7 27. Rhg3 Re6 28. Rg5 1-0


[Site "https://www.chess.com"]

[Event "Titled Tuesday Blitz April 26 Early 2022"]
[White "Rustemov, Alexander"]
[Black "Myshakov, Fyodor"]
[WhiteFideId "4119002"]
[BlackFideId "14111284"]
[WhiteElo "2828"]
[BlackElo "2310"]
[Result "1-0"]
[Round "08"]
[TimeControl "180+1"]
[Date "2022.04.26"]
[WhiteClock "0:00:04"]
[BlackClock "0:00:01"]

1. d4 d5 2. c4 dxc4 3. Nf3 Nf6 4. e3 e6 5. Bxc4 c5 6. O-O a6 7. e4 b5 8. Bd3 c4 9. Bc2 Bb7 10. Qe2 Be7 11. e5 Nd5 12. Qe4 Nc6 13. Qg4 g6 14. Bh6 Qb6 15. Nc3 Ncb4 16. Bb1 Nxc3 17. bxc3 Nd5 18. Rc1 Qa5 19. Bd2 Ba3 20. Rc2 h5 21. Qg3 Qa4 22. h4 O-O-O 23. Ng5 Rhf8 24. Bc1 Kb8 25. Ne4 Ka7 26. Bxa3 Qxa3 27. Qg5 b4 28. cxb4 Qxb4 29. Qc1 Rc8 30. a3 Qa4 31. Nc5 Rxc5 32. dxc5 c3 33. Ba2 Nf4 34. g3 Qe4 35. c6 Bxc6 36. Qe3+ Qxe3 37. fxe3 Nd5 38. Bxd5 Bxd5 39. Rxc3 Ka8 40. Rb1 Rd8 41. Rb6 Be4 42. Rxa6+ Kb7 43. Ra4 Rd1+ 44. Kf2 Bd5 45. Rb4+ Ka7 46. e4 Ba8 47. Ke3 Re1+ 48. Kf4 Rf1+ 49. Kg5 Rg1 50. Kf6 Rf1+ 51. Ke7 Ka6 52. Rc8 Bb7 53. Rb8 Bxe4 54. Ra4# 1-0


[Site "https://www.chess.com"]